 Dungeon Crawl Stone Soup version 0.13.0-6-g40e4d2d (webtiles) character file.

83 4tharraofdagon the Cudgeler (level 3, -4/35 HPs)
             Began as an Ogre Skald on Oct 15, 2013.
             Slain by an orc
             ... wielding a +0,+1 orcish mace
              (7 damage)
             ... on Level 5 of the Dungeon.
             The game lasted 00:02:04 (514 turns).

4tharraofdagon the Cudgeler (Ogre Skald)             Turns: 514, Time: 00:02:05

HP  -4/35        AC  3     Str 18      XL: 3   Next: 50%
MP   3/6         EV  9     Int 11      God:
Gold 43          SH  0     Dex  9      Spells:  2 memorised,  2 levels left

Res.Fire  : . . .   See Invis. : .   a - +0 mace
Res.Cold  : . . .   Warding    : .   b - +0 robe
Life Prot.: . . .   Conserve   : .   (shield restricted)
Res.Poison: .       Res.Corr.  : .   (helmet restricted)
Res.Elec. : .       Clarity    : .   (no cloak)
Sust.Abil.: . .     Spirit.Shd : .   (gloves unavailable)
Res.Mut.  : .       Stasis     : .   (boots unavailable)
Res.Rott. : .       Flight     : .   (no amulet)
Saprovore : + . .                    (no ring)
                                     (no ring)

@: slightly resistant to hostile enchantments, very unstealthy
A: unfitting armour, fast metabolism 1, saprovore 1, tough skin 1
a: no special abilities


You were on level 5 of the Dungeon.
You were not hungry.

You visited 1 branch of the dungeon, and saw 6 of its levels.

You collected 23 gold pieces.

Inventory:

Hand weapons
 a - a +0,+0 mace (weapon)
Armour
 b - a +0 robe (worn)
Magical devices
 g - a wand of confusion (3)
Comestibles
 d - 3 meat rations
 h - a bread ration
Scrolls
 e - a scroll of curse jewellery {unknown}
 f - a scroll of amnesia {unknown}
 i - a scroll of identify {unknown}
 j - a scroll of fog {unknown}
 k - a scroll of blinking {unknown}
Books
 c - a book of Battle

   Spells                             Type                      Level
   *Infusion                          Charms                       1
   Shroud of Golubria                 Charms/Translocation         2
   Song of Slaying                    Charms                       2
   Spectral Weapon                    Hexes/Charms                 3
   *Regeneration                      Charms/Necromancy            3
   Song of Shielding                  Charms                       4


   Skills:
 + Level 3.5 Fighting
 * Level 4.3 Maces & Flails
 - Level 1.3 Dodging
 - Level 2.4 Spellcasting
 + Level 2.1 Charms
 + Level 0.2 Necromancy


You had 2 spell levels left.
You knew the following spells:

 Your Spells              Type           Power        Failure   Level  Hunger
a - Infusion              Chrm           #.....       14%         1    ##.....
b - Regeneration          Chrm/Necr      #.........   61%         3    ####...


Dungeon Overview and Level Annotations

Branches:
Dungeon (6/27)
 Temple: D:4-7          Orc: D:6-11

Altars:


Innate Abilities, Weirdness & Mutations

You are too large for most types of armour.
You have a fast metabolism.
You can tolerate rotten meat.
You have tough skin (AC +1).


Message History

Confirm with . or Enter, or press ? or * to list all spells.
Your attacks are magically infused.
The orc hits you with an orcish hand axe.
* * * LOW HITPOINT WARNING * * *
You hit the orc.
The orc is lightly wounded.
You open the door.
The orc hits you with an orcish hand axe.
* * * LOW HITPOINT WARNING * * *
Unknown command.
There is an open door here.
You are feeling less magically infused.
You aren't carrying any potions.
You hit the orc.
The orc is heavily wounded.
The orc hits you but does no damage.
You closely miss the orc.
The orc is heavily wounded.
The orc hits you with an orcish mace!
You die...

#...# #.### #.#
#######'## ###
#........# #..
#........# ..
#........# .#
#<.......####.#
#........#oo@.#
#........'.####
+....>...###
#........#
#........#
####'#####
#..o# ###'# ...


You could see 2 orcs.

Vanquished Creatures
  A worker ant (D:4)
  A worm (D:5)
  An orc (D:5)
  A ball python (D:3)
  3 bats
  A goblin (D:2)
  A hobgoblin (D:2)
  A rat (D:2)
10 creatures vanquished.

Notes
Turn   | Place    | Note
--------------------------------------------------------------
     0 | D:1      | 4tharraofdagon, the Ogre Skald, began the quest for the Orb.
     0 | D:1      | Reached XP level 1. HP: 19/19 MP: 3/3
     0 | D:1      | Drahbeg: I suck too much to uull it off
     0 | D:1      | Drahbeg: maybe nemelex or something along those lines
    25 | D:2      | Drahbeg: you speedrunning?
    57 | D:2      | Reached skill level 3 in Maces & Flails
    70 | D:2      | Drahbeg: I take that as a yes.
   118 | D:3      | Reached XP level 2. HP: 15/27 MP: 5/5
   205 | D:4      | Reached skill level 4 in Maces & Flails
   205 | D:4      | Reached XP level 3. HP: 20/35 MP: 3/6
   219 | D:4      | Learned a level 3 spell: Regeneration
   273 | D:5      | Entered Level 5 of the Dungeon
   474 | D:6      | Noticed a phantom
   514 | D:5      | Slain by an orc

Action                   || total
-------------------------++-------
Melee: Mace              ||    54
 Cast: Infusion          ||     4
Evoke: Wand              ||     2
